 Dungeon Crawl Stone Soup version 0.30-a0-778-g2ef04afb54 (webtiles) character file.

Game seed: 6507209568536295939

2 DEFE the Magician (level 1, -1/13 HPs)
             Began as a Demonspawn Wanderer on Feb 15, 2023.
             Slain by a hobgoblin (3 damage)
             ... on level 1 of the Dungeon.
             The game lasted 00:00:14 (37 turns).

DEFE the Magician (Demonspawn Wanderer)               Turns: 37, Time: 00:00:15

Health: -1/13      AC:  3    Str: 11    XL:     1   Next: 33%
Magic:  4/4        EV: 11    Int: 12    God:
Gold:   0          SH:  0    Dex: 14    Spells: 6/6 levels left

rFire   . . .      SeeInvis .    a - +0 quarterstaff
rCold   . . .      Faith    .    (shield currently unavailable)
rNeg    . . .      Spirit   .    d - +0 robe
rPois   .          Reflect  .    (no helmet)
rElec   .          Harm     .    b - +0 cloak
rCorr   .          Rampage  .    (no gloves)
Will    .....                    (no boots)
Stlth   ++                       (no amulet)
HPRegen 0.22/turn                (no ring)
MPRegen 0.09/turn                (no ring)

@: no status effects
A: no striking features
a: no special abilities


You were on level 1 of the Dungeon.
You visited 1 branch of the dungeon, and saw 1 of its levels.

Inventory:

Hand Weapons
 a - a +0 quarterstaff (weapon)
Armour
 b - a +0 cloak (worn)
 d - a +0 robe (worn)
Scrolls
 c - a scroll of teleportation


   Skills:
 + Level 2.0 Staves
 - Level 1.0 Armour
 - Level 1.0 Dodging
 - Level 1.7 Stealth
 - Level 3.0 Spellcasting


You had 6 spell levels left.
You didn't know any spells.
Your spell library contained the following spells:

 Spells                   Type           Power      Damage    Failure   Level
 Shock                    Conj/Air       4%         1d3       24%         1
 Sting                    Tmut/Pois      4%         1d3       24%         1
 Summon Small Mammal      Summ           4%         N/A       24%         1
 Kindle Blastsparks       Fire/Tloc/Air  2%         2d10      58%         3


Dungeon Overview and Level Annotations

Branches:
Dungeon (1/15)

Altars:


Message History

You are too injured to fight recklessly!
Unknown command.
You are too injured to fight recklessly!
You are too injured to fight recklessly!
Unknown command.
You miss the jackal. The jackal misses you. The jackal barely misses you. x2
The jackal closely misses you.
Unknown command.
You hit the jackal but do no damage. The jackal completely misses you.
The jackal bites you but does no damage.
The jackal closely misses you. The jackal bites you.
* * * LOW HITPOINT WARNING * * *
You take 3 damage, and have 3/13 hp.
MASSIVE DAMAGE!!
You hit the jackal.
You kill the jackal!
The jackal bites you but does no damage.
The hobgoblin barely misses you.
Your Staves skill increases to level 2!
Unknown command.
You hit the jackal.
The jackal bites you but does no damage.
The hobgoblin closely misses you. The jackal barely misses you.
Unknown command.
You closely miss the jackal. The jackal bites you.
* * * LOW HITPOINT WARNING * * *
The hobgoblin barely misses you. The jackal misses you.
You take 1 damage, and have 3/13 hp.
Unknown command.
You miss the jackal. The jackal bites you.
* * * LOW HITPOINT WARNING * * *
The hobgoblin hits you but does no damage.
You take 2 damage, and have 1/13 hp.
Unknown command.
You closely miss the jackal. The jackal closely misses you.
The hobgoblin hits you but does no damage.
The jackal barely misses you. The hobgoblin barely misses you.
Unknown command.
You barely miss the jackal. The jackal misses you. The hobgoblin hits you.
You die...

.....(..# ##++##
........###....##
........##......#
........##.8..8.##
........#........#
........#.8...[8.#
.....>g.#...##...#
.......@#..####..#
.####.h.'..+><'..+
#...#..####..#
#...#...##...#
#...#.8....8.#
#...#........#
#...##.8..8.##
#...##......# #...
##....##


You could see a jackal and a hobgoblin.

Vanquished Creatures
  2 jackals (D:1)
2 creatures vanquished.

Notes
Turn   | Place    | Note
-------+----------+-------------------------------------------
     0 | D:1      | DEFE the Demonspawn Wanderer began the quest for the Orb.
     0 | D:1      | DEFE set off with the following items: a +0 quarterstaff, a
                  | +0 cloak, a scroll of teleportation, a +0 robe; and the
                  | following spells available to memorise: Shock, Sting,
                  | Summon Small Mammal, Kindle Blastsparks.
     0 | D:1      | Reached XP level 1. HP: 13/13 MP: 4/4
    37 | D:1      | Slain by a hobgoblin

Illustrated notes

Levels and vault maps discovered:
D:1:      dpeg_arrival_refuge, layout_rooms,
          shapermc_ecumenical_altar_rom_forum, chequers_serial_rivers_large_a

Skill      XL: |  1 |
---------------+----+-----
Staves         | 2 |  2.0
Armour         | |  1.0
Dodging        | |  1.0
Stealth        | |  1.7
Spellcasting   | |  3.0

Action                     || total
---------------------------++-------
  Melee: Quarterstaff      ||    19
 Armour: Robe              ||    11
  Dodge: Dodged            ||    34

Table legend: (Time is in decaauts)
 A = Elapsed time spent in this place.
 B = Non-inter-level travel time spent in this place.
 C = Inter-level travel time spent in this place.
 D = Time resting spent in this place.
 E = Time spent auto-exploring this place.
 F = Levels seen in this place.
 G = Mean time per level.
                   A        B        C        D        E       F      G
               +--------+--------+--------+--------+--------+-----+--------+
         Total |     40 |     40 |      0 |      0 |     15 |   1 |   40.0 |
       Dungeon |     40 |     40 |      0 |      0 |     15 |   1 |   40.0 |
               +--------+--------+--------+--------+--------+-----+--------+

Top non-repeatable levels by time:
     D:1: 40 daAuts
